Map: Eternal Empire LE

Players

IIIIIIIIIIII - Winner!

  • Race: Zerg Zerg
  • Spawn Location: 1:00

A.I. 1 (Very Easy)

  • Race: Zerg Zerg
  • Spawn Location: 7:00

VOD

Have the link to the VOD?

Description

Time

  • Played on: April 27, 2020, 5:41 p.m.
  • Length: 9:36
Show
View Real Time Build Order
Export as new Build Order

IIIIIIIIIIII Zerg - Winner!

Build Orders: Hatch First, Muta Ling Bane 

Get SALT Encoding   

  12  0:00  Drone  
  13  0:11  Overlord  
  13  0:16  Drone  
  14  0:30  Drone x2  
  16  0:48  Hatchery  
  15  0:50  Drone  
  15  0:55  Drone  
  17  1:00  Drone  
  18  1:09  Extractor  
  17  1:13  Spawning Pool  
  17  1:17  Drone  
  17  1:20  Drone  
  18  1:27  Drone  
  19  1:38  Drone  
  20  1:48  Overlord  
  20  2:00  Queen x2  
  24  2:01  Zergling x4  
  26  2:11  Drone x2  
  26  2:13  Metabolic Boost  
  28  2:22  Drone  
  29  2:23  Drone  
  30  2:33  Drone x2  
  30  2:36  Queen  
  34  2:38  Queen  
  36  2:46  Overlord  
  36  2:50  Overlord  
  36  3:04  Drone x4  
  40  3:07  Drone  
  40  3:08  Drone x2  
  40  3:09  Drone x2  
  45  3:19  Lair  
  45  3:22  Overlord  
  45  3:23  Drone  
  45  3:25  Extractor  
  45  3:27  Drone  
  45  3:28  Drone  
  45  3:32  Drone  
  48  3:38  Drone  
  48  3:41  Drone x4  
  53  3:50  Extractor  
  53  3:51  Extractor  
  53  3:55  Drone x4  
  55  3:57  Baneling Nest  
  54  4:03  Overlord  
  54  4:05  Hatchery  
  53  4:10  Drone  
  53  4:11  Drone x2  
  53  4:13  Overlord  
  53  4:17  Overlord  
  56  4:18  Drone  
  56  4:19  Drone  
  58  4:24  Spire  
  58  4:30  Zergling x6  
  60  4:38  Zergling x4  
  62  4:46  Zergling x6  
  62  4:47  Evolution Chamber  
  62  4:49  Drone x4  
  68  4:58  Drone x2  
  70  5:09  Overlord  
  70  5:14  Zerg Melee Weapons Level 1  
  70  5:16  Evolution Chamber, Drone x7  
  76  5:25  Overlord, Centrifical Hooks  
  76  5:35  Mutalisk x5  
  76  5:37  Zerg Flyer Weapons Level 1  
  76  5:41  Extractor  
  76  5:42  Extractor  
  84  5:46  Drone x7  
  91  5:52  Zerg Ground Armor Level 1  
  91  5:53  Overlord  
  91  5:54  Drone  
  91  5:55  Drone x2  
  94  6:01  Drone x3  
  97  6:06  Overlord  
  97  6:14  Overlord x2  
  97  6:16  Zergling x14  
  104  6:27  Overlord, Hatchery  
  103  6:39  Mutalisk x7  
  103  6:46  Zergling x10  
  122  6:56  Zergling x12  
  128  7:05  Overlord x2  
  128  7:15  Hatchery  
  127  7:26  Overseer  
  127  7:28  Pneumatized Carapace  
  127  7:29  Drone x10  
  137  7:38  Mutalisk  
  137  7:39  Mutalisk x6  
  151  7:44  Overlord x2  
  151  7:52  Unknown  
  151  7:56  Drone x3  
  151  7:58  Zergling x14  
  160  8:15  Drone x10  
  170  8:20  Overlord x2  
  170  8:26  Infestation Pit  
  169  8:27  Overlord x2  
  169  8:40  Mutalisk x4  
  179  8:42  Overlord x3  
  179  8:47  Mutalisk x3  
Show
View Real Time Build Order
Export as new Build Order

A.I. 1 (Very Easy) Zerg 

Build Orders: Pool First 

Get SALT Encoding   

  12  0:01  Drone  
  13  0:12  Overlord  
  13  0:16  Drone  
  14  0:35  Spawning Pool  
  13  0:37  Drone  
  13  0:40  Extractor  
  13  0:44  Drone  
  14  0:51  Overlord  
  14  1:21  Queen  
  14  1:22  Zergling x2  
  17  1:30  Roach Warren  
  16  1:33  Drone  
  16  1:36  Extractor  
  16  1:40  Drone  
  17  1:51  Zergling x2  
  18  1:59  Drone  
  19  2:07  Drone  
  20  2:16  Drone  
  20  2:21  Zergling x2  
  22  2:27  Overlord  
  22  2:30  Drone  
  23  2:37  Drone  
  24  2:45  Drone  
  24  2:50  Roach  
  27  6:29  Zergling x2  
  27  6:31  Drone  
  27  6:39  Drone  
  26  6:46  Drone  
  27  6:53  Drone  
  28  6:58  Roach  
  30  7:26  Zergling x2  
  31  7:32  Drone, Lair  
  31  7:33  Overlord  
  32  7:39  Drone  
  32  7:40  Hatchery  
  32  7:47  Drone  
  31  7:54  Drone  
  28  8:01  Drone  
  28  8:08  Drone  
  28  8:30  Overseer x2  
  28  8:31  Overlord  
  28  8:32  Zergling x2  
  29  8:37  Drone  
  9  8:44  Drone  
Tags
 
Add a new tag
Caveats
  • Supply blocks, unpowered buildings, or Contaminate may cause inaccurate times.
  • Supply counts are checked every 10 seconds.